 Dungeon Crawl Stone Soup version 0.30.1-11-g7821555f0a (webtiles) character file.

Game seed: 7633037096278459821

2345 safid the Frost Mage (level 9, -7/73 HPs)
             Began as a Merfolk Ice Elementalist on Oct 27, 2023.
             Was a Priest of Vehumet.
             Mangled by a two-headed ogre
             ... wielding a +0 giant club
              (23 damage)
             ... on level 7 of the Dungeon.
             The game lasted 00:13:57 (6474 turns).

safid the Frost Mage (Merfolk Ice Elementalist)     Turns: 6474, Time: 00:13:57

Health: -7/73      AC: 14    Str:  8    XL:     9   Next: 43%
Magic:  19/19      EV: 13    Int: 19    God:    Vehumet [***...]
Gold:   347        SH:  0    Dex: 19    Spells: 12/21 levels left

rFire   . . .        m - +4 glaive (venom)
rCold   . . .        (shield currently unavailable)
rNeg    . . .        a - +0 robe
rPois   +            k - +2 helmet
rElec   .            (no cloak)
rCorr   .            t - +0 pair of gloves
SInv    +            (no boots)
Will    .....        q - amulet of magic regeneration
Stlth   ++           n - +4 ring of slaying
HPRegen 0.32/turn    v - ring "Xuruoh" {rPois Dex+5 SInv}
MPRegen 0.56/turn

%: no passive effects
@: ice-armoured, freezing walls
A: (nimble swimmer 2), mertail
a: Renounce Religion


You were on level 7 of the Dungeon.
You worshipped Vehumet.
Vehumet was most pleased with you.
You visited 1 branch of the dungeon, and saw 7 of its levels.
You also visited: Sewer.

You collected 347 gold pieces.

Inventory:

Hand Weapons
 m - a +4 glaive of venom (weapon)
Armour
 a - a +0 robe (worn)
 k - a +2 helmet (worn)
 t - a +0 pair of gloves (worn)
Jewellery
 e - a ring of positive energy
 n - a +4 ring of slaying (left hand)
 q - an amulet of magic regeneration (around neck)
 v - the ring "Xuruoh" (right hand) {rPois Dex+5 SInv}
   (You found it on level 4 of the Dungeon)

   [ring of see invisible]

   Dex:       It affects your dexterity (+5).
   rPois:     It protects you from poison.
   SInv:      It lets you see invisible.
 x - a ring of protection from cold
Wands
 g - a wand of mindburst (10)
 s - a wand of roots (10)
 y - a wand of flame (13)
Scrolls
 c - a scroll of summoning
 f - 2 scrolls of teleportation {unknown}
 i - 3 scrolls of identify {unknown}
 l - a scroll of poison {unknown}
 o - a scroll of immolation {unknown}
 r - 2 scrolls of fear {unknown}
 z - a scroll of noise {unknown}
 C - 3 scrolls of blinking
Potions
 b - a potion of magic
 d - a potion of attraction {unknown}
 h - a potion of flight
 j - 3 potions of curing
 p - a potion of lignification {unknown}
 u - a potion of mutation {unknown}
 w - a potion of might {unknown}
 A - a potion of resistance {unknown}
 B - a potion of berserk rage {unknown}
 D - a potion of degeneration {unknown}


   Skills:
 + Level 7.6 Fighting
 - Level 2.6 Dodging
 - Level 2.1 Stealth
 + Level 6.8 Spellcasting
 + Level 9.0 Ice Magic


You had 12 spell levels left.
You knew the following spells:

 Your Spells              Type           Power      Damage    Failure   Level
a - Freeze                Ice            100%       1d10      1%          1
b - Frozen Ramparts       Ice            80%        1d13      1%          3
c - Ozocubu's Armour      Ice            40%        N/A       1%          3
d - Blink                 Tloc           12%        N/A       16%         2

Your spell library contained the following spells:

 Spells                   Type           Power      Damage    Failure   Level
 Olgreb's Toxic Radiance  Pois           6%         N/A       26%         4
 Magic Dart               Conj           24%        1d4       3%          1
 Momentum Strike          Conj/Tloc      12%        3d8       4%          2
 Scorch                   Fire           12%        2d5       4%          2
 Searing Ray              Conj           12%        2d4       4%          2
 Mephitic Cloud           Conj/Pois/Air  6%         N/A       9%          3
 Call Imp                 Summ           12%        N/A       16%         2
 Lesser Beckoning         Tloc           12%        N/A       16%         2
 Summon Ice Beast         Ice/Summ       23%        N/A       16%         4
 Flame Wave               Conj/Fire      6%         2d5       26%         4
 Fulminant Prism          Conj/Hex       3%         3d5       26%         4
 Call Canine Familiar     Summ           6%         N/A       30%         3
 Portal Projectile        Hex/Tloc       12%        N/A       30%         3
 Leda's Liquefaction      Hex/Erth       3%         N/A       71%         4
 Summon Cactus Giant      Summ           3%         N/A       100%        6


Dungeon Overview and Level Annotations

Branches:
Dungeon (7/15)             Temple (0/1) D:6           Sewer (visited)

Altars:
Dithmenos
Fedhas
Makhleb
Okawaru
Ru
Vehumet
The Shining One

Shops:
D:3 *

Annotations:
D:4 1 runed translucent door, Crazy Yiuf


Innate Abilities, Weirdness & Mutations

((You are very nimble when in or above water. (Stealth+, EV+, Speed+++)))
Your lower body shifts to a powerful aquatic tail in water.


Message History

Unknown command.
Casting: Ozocubu's Armour (safe; 1% risk of failure)
Confirm with . or Enter, or press ? or * to list all spells.
Casting: Frozen Ramparts (safe; 1% risk of failure)
Press: ? - help, Dir - look around, f - activate The walls around you are covered in ice.
The wall freezes the orc priest!
The orc priest hits you but does no damage.
The wall freezes the orc wizard!
You kill the orc wizard!
Vehumet accepts your kill.
You feel your power returning.
You closely miss the orc priest.
The orc priest is heavily wounded.
The wall freezes the orc priest!
You kill the orc priest!
Vehumet accepts your kill.
The wall freezes the orc wizard but does no damage.
The wall freezes the orc wizard.
The orc wizard hits you but does no damage.
You barely miss the orc wizard.
The orc wizard is moderately wounded.
The wall freezes the orc wizard!
The orc wizard barely misses you.
Unknown command.
You slash the two-headed ogre!
The two-headed ogre is poisoned.
The two-headed ogre is lightly wounded.
The orc wizard mumbles some strange words.
The orc wizard flickers and vanishes for a moment.
You hit the two-headed ogre.
The two-headed ogre looks as sick as possible!
The two-headed ogre is moderately wounded.
The wall freezes the two-headed ogre but does no damage.
The two-headed ogre hits you with a +0 giant club!
* * * LOW HITPOINT WARNING * * *
The two-headed ogre hits you but does no damage.
The wall freezes the two-headed ogre!
The two-headed ogre hits you with a +0 giant club.
* * * LOW HITPOINT WARNING * * *
The two-headed ogre hits you with a +0 giant spiked club!!
You die...

.........o......
................
.........o......
................
........<......#
.............###
......o...####
######)O###
##)@# ##..#
##..# #..# #..#
#... ##.. ##


You could see a two-headed ogre (extremely poisoned) and an orc wizard
(invisible).

Vanquished Creatures
  Sigmund (D:5)
  Eustachio (D:4)
  A water moccasin (D:6)
  Duvessa (D:4)
  An ice beast (D:6)
  An orc warrior (D:7)
  2 ogres (D:6)
  3 bullfrogs
  3 scorpions
  Dowan (D:4)
  A crimson imp (D:4)
  2 hounds
  5 orc priests
  4 iguanas
  7 orc wizards
  4 gnolls (D:4)
  12 adders
  3 river rats (D:6)
  A shadow imp (D:5)
  7 worms
  7 dart slugs
  18 orcs
  11 endoplasms
  9 giant cockroaches
  5 goblins
  3 hobgoblins (D:1)
  7 jackals
  6 quokkas
  18 ball pythons
  8 bats
  15 frilled lizards
  2 goblin skeletons (D:4)
  2 goblin zombies (D:4)
  A hobgoblin zombie (D:4)
  6 kobolds
  An orc zombie (D:4)
  11 rats
191 creatures vanquished.

Vanquished Creatures (collateral kills)
  2 ice beasts (D:6)
2 creatures vanquished.

Grand Total: 193 creatures vanquished

Notes
Turn   | Place    | Note
-------+----------+-------------------------------------------
     0 | D:1      | safid the Merfolk Ice Elementalist began the quest for the
                  | Orb.
     0 | D:1      | Reached XP level 1. HP: 13/13 MP: 3/3
   145 | D:1      | Reached XP level 2. HP: 20/20 MP: 5/5
   159 | D:1      | Reached skill level 1 in Fighting
   454 | D:1      | Reached XP level 3. HP: 26/26 MP: 6/6
  1156 | D:2      | Reached skill level 5 in Ice Magic
  1311 | D:2      | Reached XP level 4. HP: 25/33 MP: 8/8
  1363 | D:2      | Learned a level 3 spell: Frozen Ramparts
  1367 | D:2      | Learned a level 3 spell: Ozocubu's Armour
  1941 | D:3      | Found an iron altar of Okawaru.
  2002 | D:3      | Found a shadowy altar of Dithmenos.
  2036 | D:3      | Found a radiant altar of Vehumet.
  2076 | D:3      | Found Noasurgha's Assorted Antiques.
  2098 | D:3      | Became a worshipper of Vehumet
  2273 | D:3      | Reached XP level 5. HP: 39/39 MP: 9/9
  2536 | D:4      | Noticed Eustachio
  2559 | D:4      | Killed Eustachio
  2560 | D:4      | Reached XP level 6. HP: 47/47 MP: 9/11
  2567 | D:4      | Reached skill level 6 in Ice Magic
  2617 | D:4      | Found a glowing golden altar of the Shining One.
  2643 | D:4      | Identified the ring "Xuruoh" {rPois Dex+5 SInv}
  2683 | D:4      | Found a sacrificial altar of Ru.
  2766 | D:4      | Reached * piety under Vehumet
  2766 | D:4      | Offered knowledge of Sandblast by Vehumet.
  2770 | D:4      | Reached XP level 7. HP: 51/54 MP: 8/13
  3395 | D:4      | Noticed Duvessa
  3397 | D:4      | Noticed Dowan
  3409 | D:4      | Killed Duvessa
  3418 | D:4      | Killed Dowan
  3451 | D:4      | Reached skill level 5 in Fighting
  3574 | D:4      | Found a burning altar of Makhleb.
  3706 | D:4      | Found a runed translucent door.
  3707 | D:4      | Noticed Crazy Yiuf
  3756 | D:5      | Entered Level 5 of the Dungeon
  3758 | D:5      | Reached skill level 7 in Ice Magic
  4026 | D:5      | Reached skill level 5 in Spellcasting
  4026 | D:5      | Reached XP level 8. HP: 62/62 MP: 12/15
  4294 | D:5      | Noticed Sigmund
  4306 | D:5      | Killed Sigmund
  4306 | D:5      | Reached ** piety under Vehumet
  4672 | D:6      | Offered knowledge of Static Discharge by Vehumet.
  4724 | D:6      | Reached skill level 8 in Ice Magic
  5038 | D:6      | Found a glowing drain.
  5046 | Sewer    | Entered a sewer
  5143 | Sewer    | Offered knowledge of Volatile Blastmotes by Vehumet.
  5148 | Sewer    | Learned a level 2 spell: Blink
  5207 | Sewer    | Reached *** piety under Vehumet
  5308 | Sewer    | Reached XP level 9. HP: 66/71 MP: 18/18
  5325 | Sewer    | Offered knowledge of Olgreb's Toxic Radiance by Vehumet.
  5564 | D:6      | Found a staircase to the Ecumenical Temple.
  5641 | D:6      | Found a blossoming altar of Fedhas.
  6468 | D:7      | Reached skill level 9 in Ice Magic
  6468 | D:7      | Noticed a two-headed ogre
  6474 | D:7      | Mangled by a two-headed ogre

Illustrated notes

Levels and vault maps discovered:
D:1:      amcnicky_arrival_single_pillar, layout_loops_ring
D:2:      cheibrodos_pilgrimage, layout_basic
D:3:      layout_loops_cross, grunt_temple_overflow_open, serial_shops, shop,
          st_stairs_4
D:4:      layout_cave_pods, nicolae_tso_besieged_by_evil,
          mainiacjoe_overflow_24_doors, nicolae_ru_awakened_eye,
          grunt_decor_cap, uniq_eustachio, uniq_duvessa, uniq_crazy_yiuf_cottage
D:5:      layout_basic, uniq_sigmund
D:6:      layout_layer_cave, fedhas_altar_3, minmay_temple_entry_ruins,
          lightli_sewer_entry_pipes
D:7:      layout_layer_cave, led_xom_imps

Skill      XL: |  1  2  3  4  5  6  7  8  9 |
---------------+----------------------------+-----
Fighting       | 1 2 3 4 5 6 7 |  7.6
Ice Magic      | 5 6 7 8 9 |  9.0
Spellcasting   | 3 4 5 6 |  6.8
Dodging        | |  2.6
Stealth        | |  2.1

Action                     |  1- 3 |  4- 6 |  7- 9 || total
---------------------------+-------+-------+-------++-------
  Melee: Unarmed           |     3 |       |       ||     3
         Dagger            |    67 |    91 |   183 ||   341
         Punch             |     1 |       |     5 ||     6
         Tailslap          |       |     1 |     4 ||     5
         Glaive            |       |       |    27 ||    27
   Cast: Freeze            |    25 |     1 |     2 ||    28
         Frozen Ramparts   |       |     8 |    19 ||    27
         Ozocubu's Armour  |       |     4 |    15 ||    19
    Use: Potion            |       |       |     4 ||     4
         Scroll            |       |       |     1 ||     1
   Stab: Sleeping          |     6 |     4 |    16 ||    26
 Armour: Robe              |    19 |    31 |    66 ||   116
  Dodge: Dodged            |    55 |    59 |   149 ||   263
